3AA
YAKIMA HOPS @ BILLINGS POLAR BEARS
07/29/2021
 
TOP OF THE 1ST
Yakima Hops batting - Pitching for Billings Polar Bears : RHP José Campos
Pitching: RHP José Campos
Batting: SHB Carlos Sánchez 0-0: Foul Ball, location: 2F
0-1: Foul Ball, location: 2F
0-2: Strikes out swinging
Batting: RHB Gabriel Juárez 0-0: Ball
1-0: Foul Ball, location: 2F
1-1: Ball
2-1: Ground out 1-3 (Groundball, 15S)
Batting: RHB Marshall Attwood 0-0: Fly out, F3 (Popup, 3F)
Top of the 1st over - 0 run(s), 0 hit(s), 0 error(s), 0 left on base; Yakima 0 - Billings 0
BOTTOM OF THE 1ST
Billings Polar Bears batting - Pitching for Yakima Hops : RHP Cisco Romero
Pitching: RHP Cisco Romero
Batting: RHB Eduardo Sánchez 0-0: Ball
1-0: Called Strike
1-1: Ball
2-1: Foul Ball, location: 2F
2-2: Strikes out swinging
Batting: SHB Juan Brito 0-0: Ball
1-0: Ball
2-0: Foul Ball, location: 2F
2-1: Ground out 4-3 (Groundball, 4)
Batting: LHB Thomas Campbell 0-0: Ball
1-0: Ball
2-0: Called Strike
2-1: Ball
3-1: Base on Balls
Batting: RHB Jeremy Murphy 0-0: Called Strike
0-1: DOUBLE (Line Drive, 8LM)
Thomas Campbell to third
Runner from 3rd tries for Home, SAFE, no throw or cutoff
Batting: RHB John Moore 0-0: Ball
1-0: Called Strike
1-1: SINGLE (Line Drive, 34)
Jeremy Murphy to third
Runner from 3rd tries for Home, SAFE, no throw or cutoff
Batting: RHB Raúl Delgado 0-0: Foul Ball, location: 2F
0-1: Ball
1-1: Ball
2-1: Ball
3-1: Base on Balls
John Moore to second
Batting: RHB Johnny Bryant 0-0: Foul Ball, location: 2F
0-1: Ball
1-1: Ball
2-1: Swinging Strike
2-2: DOUBLE (Groundball, 3L)
John Moore scores
Raúl Delgado to third
Runner from 3rd tries for Home, SAFE, no throw or cutoff
Batting: RHB Domenic Gallard 0-0: Foul Ball, location: 2F
0-1: Ball
1-1: Ball
2-1: Ball
3-1: Base on Balls
Batting: RHB Randy Tucker 0-0: Fielders Choice at 2nd, U6 (Groundball, 6M)
Bottom of the 1st over - 4 run(s), 3 hit(s), 0 error(s), 2 left on base; Yakima 0 - Billings 4
TOP OF THE 2ND
Yakima Hops batting - Pitching for Billings Polar Bears : RHP José Campos
Batting: RHB Rafael Durango 0-0: Foul Ball, location: 2F
0-1: Foul Ball, location: 2F
0-2: Ground out 6-3 (Groundball, 6)
Batting: RHB William Miles 0-0: Ball
1-0: SINGLE (Line Drive, 4MD)
Batting: RHB Miguel Torres 0-0: Ball
1-0: Ball
2-0: Swinging Strike
2-1: Ball
3-1: Ground out 5-3 (Groundball, 5S)
William Miles to second
Batting: RHB Edgar García 0-0: Foul Ball, location: 2F
0-1: Called Strike
0-2: Ball
1-2: Ground out 4-3 (Groundball, 4)
Top of the 2nd over - 0 run(s), 1 hit(s), 0 error(s), 1 left on base; Yakima 0 - Billings 4
BOTTOM OF THE 2ND
Billings Polar Bears batting - Pitching for Yakima Hops : RHP Cisco Romero
Batting: RHB Eduardo Sánchez 0-0: Foul Ball, location: 2F
0-1: Ball
1-1: Called Strike
1-2: Foul Ball, location: 2F
1-2: Ball
2-2: Ball
3-2: Base on Balls
Batting: SHB Juan Brito 0-0: Called Strike
0-1: Grounds into double play, 4-6-3 (Groundball, 4)
Batting: LHB Thomas Campbell 0-0: Ball
1-0: Swinging Strike
1-1: Called Strike
1-2: Ball
2-2: Strikes out swinging
Bottom of the 2nd over - 0 run(s), 0 hit(s), 0 error(s), 0 left on base; Yakima 0 - Billings 4
TOP OF THE 3RD
Yakima Hops batting - Pitching for Billings Polar Bears : RHP José Campos
Batting: SHB Burton Storey 0-0: Called Strike
0-1: Called Strike
0-2: Strikes out swinging
Batting: RHB Jim Unknown 0-0: Ground out 5-3 (Groundball, 5L)
Batting: SHB Carlos Sánchez 0-0: Called Strike
0-1: Swinging Strike
0-2: Foul Ball, location: 2F
0-2: Fly out, F8 (Line Drive, 8RS)
Top of the 3rd over - 0 run(s), 0 hit(s), 0 error(s), 0 left on base; Yakima 0 - Billings 4
BOTTOM OF THE 3RD
Billings Polar Bears batting - Pitching for Yakima Hops : RHP Cisco Romero
Batting: RHB Jeremy Murphy 0-0: Ball
1-0: Called Strike
1-1: TRIPLE (Groundball, 5L)
Batting: RHB John Moore 0-0: Ground out 1-3 (Groundball, 25)
Batting: RHB Raúl Delgado 0-0: Ball
1-0: SINGLE (Line Drive, 9LS)
Jeremy Murphy scores
Batting: RHB Johnny Bryant 0-0: Ball
1-0: Ball
2-0: Called Strike
2-1: Fly out, F7 (Flyball, 78M)
Batting: RHB Domenic Gallard 0-0: Ground out 1-3 (Groundball, 4M)
Bottom of the 3rd over - 1 run(s), 2 hit(s), 0 error(s), 1 left on base; Yakima 0 - Billings 5
TOP OF THE 4TH
Yakima Hops batting - Pitching for Billings Polar Bears : RHP José Campos
Batting: RHB Gabriel Juárez 0-0: Foul Ball, location: 2F
0-1: Ball
1-1: Ball
2-1: Hit by Pitch
Batting: RHB Marshall Attwood 0-0: Ball
1-0: Called Strike
1-1: Ball
2-1: Fly out, F7 (Flyball, 8LM)
Batting: RHB Rafael Durango 0-0: Called Strike
0-1: Ball
1-1: Ball
2-1: 2-RUN HOME RUN (Flyball, 7D), Distance : 374 ft
Batting: RHB William Miles 0-0: Ball
1-0: Foul Ball, location: 2F
1-1: Ball
2-1: Foul Ball, location: 2F
2-2: Foul Ball, location: 2F
2-2: Strikes out looking
Batting: RHB Miguel Torres 0-0: Foul Ball, location: 2F
0-1: Swinging Strike
0-2: Foul Ball, location: 2F
0-2: Ball
1-2: Strikes out swinging
Top of the 4th over - 2 run(s), 1 hit(s), 0 error(s), 0 left on base; Yakima 2 - Billings 5
BOTTOM OF THE 4TH
Billings Polar Bears batting - Pitching for Yakima Hops : RHP Cisco Romero
Batting: RHB Randy Tucker 0-0: Called Strike
0-1: Ground out 6-3 (Groundball, 6)
Batting: RHB Eduardo Sánchez 0-0: Called Strike
0-1: Foul Ball, location: 2F
0-2: Strikes out swinging
Batting: SHB Juan Brito 0-0: Ball
1-0: Foul Ball, location: 2F
1-1: Foul Ball, location: 2F
1-2: Strikes out swinging
Bottom of the 4th over - 0 run(s), 0 hit(s), 0 error(s), 0 left on base; Yakima 2 - Billings 5
TOP OF THE 5TH
Yakima Hops batting - Pitching for Billings Polar Bears : RHP José Campos
Batting: RHB Edgar García 0-0: Fly out, F6 (Popup, 6M)
Batting: SHB Burton Storey 0-0: Ground out 4-3 (Groundball, 13)
Batting: RHB Jim Unknown 0-0: Foul Ball, location: 2F
0-1: SINGLE (Line Drive, 8RS)
Batting: SHB Carlos Sánchez 0-0: Called Strike
Jim Unknown steals 2nd base
0-1: Ball
1-1: Called Strike
1-2: Ball
2-2: Foul Ball, location: 2F
2-2: Ground out U3 (Groundball, 3)
Top of the 5th over - 0 run(s), 1 hit(s), 0 error(s), 1 left on base; Yakima 2 - Billings 5
BOTTOM OF THE 5TH
Billings Polar Bears batting - Pitching for Yakima Hops : RHP Cisco Romero
Batting: LHB Thomas Campbell 0-0: Ball
1-0: Foul Ball, location: 2F
1-1: Ball
2-1: Foul Ball, location: 2F
2-2: Fly out, F5 (Popup, 56S)
Batting: RHB Jeremy Murphy 0-0: Called Strike
0-1: Called Strike
0-2: Ground out 5-3 (Groundball, 5L)
Batting: RHB John Moore 0-0: Fly out, F7 (Popup, 6MD)
Bottom of the 5th over - 0 run(s), 0 hit(s), 0 error(s), 0 left on base; Yakima 2 - Billings 5
TOP OF THE 6TH
Yakima Hops batting - Pitching for Billings Polar Bears : RHP José Campos
Batting: RHB Gabriel Juárez 0-0: Called Strike
0-1: Ball
1-1: DOUBLE (Line Drive, 78M)
Batting: RHB Marshall Attwood 0-0: Ground out 6-3 (Groundball, 6)
Batting: RHB Rafael Durango 0-0: Called Strike
0-1: Ground out 5-3 (Groundball, 5L)
Batting: RHB William Miles 0-0: Ball
1-0: SINGLE (Line Drive, 8RS)
Gabriel Juárez to third
Runner from 3rd tries for Home, SAFE, no throw or cutoff
Batting: RHB Miguel Torres 0-0: Called Strike
0-1: Fly out, F6 (Line Drive, 6)
Top of the 6th over - 1 run(s), 2 hit(s), 0 error(s), 1 left on base; Yakima 3 - Billings 5
BOTTOM OF THE 6TH
Billings Polar Bears batting - Pitching for Yakima Hops : RHP Cisco Romero
Batting: RHB Raúl Delgado 0-0: Ground out 6-3 (Groundball, 6M)
Batting: RHB Johnny Bryant 0-0: Ball
1-0: Called Strike
1-1: Ball
2-1: SINGLE (Line Drive, 8RS)
Batting: RHB Domenic Gallard 0-0: Ball
1-0: Ball
2-0: Called Strike
2-1: Foul Ball, location: 2F
2-2: Foul Ball, location: 2F
2-2: Strikes out swinging
Batting: RHB Randy Tucker 0-0: SINGLE (Line Drive, 4M)
Johnny Bryant to second
Runner from 2nd tries for 3rd, SAFE, throw made to third
Randy Tucker to second
Pitching: LHP Cisco Flores
Batting: RHB Eduardo Sánchez 0-0: Foul Ball, location: 2F
0-1: Ball
1-1: Swinging Strike
1-2: Strikes out swinging
Bottom of the 6th over - 0 run(s), 2 hit(s), 0 error(s), 2 left on base; Yakima 3 - Billings 5
TOP OF THE 7TH
Yakima Hops batting - Pitching for Billings Polar Bears : RHP José Campos
Batting: RHB Edgar García 0-0: Swinging Strike
0-1: Foul Ball, location: 2F
0-2: Foul Ball, location: 2F
0-2: SINGLE (Line Drive, 6MD)
Batting: SHB Burton Storey 0-0: Fly out, F8 (Line Drive, 8LM)
Batting: RHB Jim Unknown 0-0: Called Strike
0-1: DOUBLE (Line Drive, 3L)
Edgar García to third
Batting: SHB Carlos Sánchez 0-0: Fly out, F8 (Flyball, 8RD)
Runner from 3rd tags up, SCORES, no throw
Pinch Hitting: LHB Jim Unknown 0-0: Called Strike
0-1: Ball
1-1: SINGLE (Line Drive, 7S)
Jim Unknown to third
Runner from 3rd tries for Home, SAFE, no throw or cutoff
Batting: RHB Marshall Attwood 0-0: Called Strike
0-1: Ball
1-1: Foul Ball, location: 2F
1-2: Ground out 1-3 (Groundball, 15S)
Top of the 7th over - 2 run(s), 3 hit(s), 0 error(s), 1 left on base; Yakima 5 - Billings 5
BOTTOM OF THE 7TH
Billings Polar Bears batting - Pitching for Yakima Hops : LHP Cisco Flores
Now in RF: Jim Unknown
Batting: SHB Juan Brito 0-0: Ball
1-0: Ball
2-0: Called Strike
2-1: Ball
3-1: Base on Balls
Batting: LHB Thomas Campbell 0-0: Fielders Choice at 2nd, 3-6 (Groundball, 3)
Batting: RHB Jeremy Murphy 0-0: Ball
1-0: Ball
2-0: Ball
3-0: Called Strike
3-1: Base on Balls
Thomas Campbell to second
Batting: RHB John Moore 0-0: Ball
1-0: Ball
2-0: Grounds into double play, 6-4-3 (Groundball, 6)
Bottom of the 7th over - 0 run(s), 0 hit(s), 0 error(s), 1 left on base; Yakima 5 - Billings 5
TOP OF THE 8TH
Yakima Hops batting - Pitching for Billings Polar Bears : RHP José Campos
Pitching: LHP Tomás Galván
Batting: RHB Rafael Durango 0-0: Ball
1-0: Ball
2-0: Ball
3-0: Called Strike
3-1: Fly out, F9 (Popup, 89S)
Batting: RHB William Miles 0-0: Called Strike
0-1: Ball
1-1: Ball
2-1: DOUBLE (Line Drive, 9LS)
Batting: RHB Miguel Torres 0-0: Ball
1-0: Foul Ball, location: 2F
1-1: Fly out, F9 (Flyball, 89M)
Batting: RHB Edgar García 0-0: Ball
1-0: Called Strike
1-1: Ball
2-1: Ball
3-1: Swinging Strike
3-2: Foul Ball, location: 2F
3-2: SINGLE (Groundball, 34D)
William Miles to third
William Miles scores
Pinch Hitting: RHB Chris Robinson 0-0: Ball
1-0: Swinging Strike
1-1: Called Strike
1-2: Ball
2-2: Ball
3-2: Strikes out swinging
Top of the 8th over - 1 run(s), 2 hit(s), 0 error(s), 1 left on base; Yakima 6 - Billings 5
BOTTOM OF THE 8TH
Billings Polar Bears batting - Pitching for Yakima Hops : LHP Cisco Flores
Pitching: RHP José Caballero
Now at 1B: Chris Robinson
Batting: RHB Raúl Delgado 0-0: Called Strike
0-1: Ball
1-1: Ball
2-1: Fly out, F7 (Line Drive, 7LM)
Batting: RHB Johnny Bryant 0-0: Ball
1-0: Called Strike
1-1: Ball
2-1: Foul Ball, location: 2F
2-2: Ground out 6-3 (Groundball, 6)
Batting: RHB Domenic Gallard 0-0: Ball
1-0: Swinging Strike
1-1: Called Strike
1-2: Ball
2-2: Ball
3-2: Strikes out swinging
Bottom of the 8th over - 0 run(s), 0 hit(s), 0 error(s), 0 left on base; Yakima 6 - Billings 5
TOP OF THE 9TH
Yakima Hops batting - Pitching for Billings Polar Bears : LHP Tomás Galván
Pitching: RHP Jim Unknown
Batting: RHB Jim Unknown 0-0: Foul Ball, location: 2F
0-1: Ground out 6-3 (Groundball, 6M)
Batting: SHB Carlos Sánchez 0-0: Called Strike
0-1: Ground out 4-3 (Groundball, 4)
Batting: LHB Jim Unknown 0-0: Called Strike
0-1: Ball
1-1: Called Strike
1-2: Foul Ball, location: 2F
1-2: Ball
2-2: Foul Ball, location: 2F
2-2: Strikes out swinging
Top of the 9th over - 0 run(s), 0 hit(s), 0 error(s), 0 left on base; Yakima 6 - Billings 5
BOTTOM OF THE 9TH
Billings Polar Bears batting - Pitching for Yakima Hops : RHP José Caballero
Pitching: RHP Steve Bryan
Batting: RHB Randy Tucker 0-0: Ball
1-0: Foul Ball, location: 2F
1-1: Called Strike
1-2: Foul Ball, location: 2F
1-2: Strikes out swinging
Batting: RHB Eduardo Sánchez 0-0: Called Strike
0-1: Called Strike
0-2: Foul Ball, location: 2F
0-2: Ball
1-2: Ball
2-2: Strikes out swinging
Batting: SHB Juan Brito 0-0: Called Strike
0-1: Ball
1-1: Called Strike
1-2: Strikes out swinging
Bottom of the 9th over - 0 run(s), 0 hit(s), 0 error(s), 0 left on base; Yakima 6 - Billings 5
This league is powered by Out of the Park Baseball, the baseball management simulation game for PC, Mac and Linux
Friday, January 22nd, 2016 - OOTP Baseball 16.9 Build 39